 Dungeon Sprint DCSS version 0.21.1-1-g345015f (webtiles) character file.

4000000 Fang the Axe Maniac (level 23, -46/240 HPs)
             Began as a Minotaur Gladiator on May 8, 2018.
             Was the Champion of Makhleb.
             Annihilated by a destroyer
             ... wielding a +9 great sword of slicing
              (130 damage)
             ... in the Dungeon (Sprint VIII: "Arena of Blood").
             The game lasted 00:00:34 (40 turns).

Fang the Axe Maniac (Minotaur Gladiator)              Turns: 40, Time: 00:00:35

Health: -46/240    AC:  6    Str: 28    XL:     23   Next: 34%
Magic:  22/53      EV: 29    Int:  5    God:    Makhleb [******]
Gold:   0          SH:  0    Dex: 13    Spells: 76/76 levels left

rFire    . . .     SeeInvis .   l - +∞ Axe of Woe
rCold    . . .     Gourm    .   (shield currently unavailable)
rNeg     . . .     Faith    .   b - +0 leather armour
rPois    .         Spirit   .   c - +0 hat
rElec    .         Reflect  .   (no cloak)
rCorr    .         Harm     .   (no gloves)
MR       +....     NoTele   +   (no boots)
Stlth    +++++++++.             (no amulet)
HPRegen  0.50/turn              (no ring)
MPRegen  0.33/turn              (no ring)

@: no status effects
A: retaliatory headbutt, horns 2
a: Minor Destruction, Lesser Servant of Makhleb, Major Destruction, Greater
Servant of Makhleb, Renounce Religion


You were in the Dungeon.
You worshipped Makhleb.
Makhleb was exalted by your worship.
You were not hungry.

You visited 1 branch

Inventory:

Hand Weapons
 a - a +0 war axe
 l - the +∞ Axe of Woe (weapon)
   (You found it in the Dungeon)
Missiles
 d - 3 throwing nets (quivered)
Armour
 b - a +0 leather armour (worn)
 c - a +0 hat (worn)
Scrolls
 k - a scroll of blinking
Potions
 e - a potion of curing
 g - a potion of heal wounds
 h - a potion of haste
 i - 2 potions of magic
 j - a potion of berserk rage
Comestibles
 f - a ration


   Skills:
 O Level 27 Fighting
 O Level 27 Axes
 O Level 27 Throwing
 O Level 27 Armour
 O Level 27 Dodging
 O Level 27 Stealth
 O Level 27 Unarmed Combat
 O Level 27 Spellcasting
 O Level 27 Invocations


You had 76 spell levels left.
You didn't know any spells.

Dungeon Overview and Level Annotations

Branches:
Dungeon (1/1)

Altars:
Makhleb


Innate Abilities, Weirdness & Mutations

You reflexively headbutt those who attack you in melee.
You have a pair of horns on your head.


Message History

You slaughter the nine-headed meat hydra joyfully.
You kill the nine-headed meat hydra!
Makhleb accepts your kill.
You feel better.
You hear a shout! x4
A destroyer comes into view.
It is wielding a +9 great sword of slicing. 2 orcs and a skeletal warrior come into view.
You hear a shout! x3
The bag of meat moves out of view.
The sculptor of flesh moves out of view.
The destroyer blinks!
You hear a shout! x4
You see here a meat hydra corpse.
A meat berserker comes into view. It is wielding a +9 battleaxe.
You hear a shout! x4
Some corpses begin to drag themselves along the ground!
Some corpses meld into agglomerations of writhing flesh!
The destroyer hits you with a +9 great sword of slicing!!!!
Ouch! That really hurt!
You die...

........o.....
..§..........
............
........... ...
.O......oV ....
#.......# .... .
#.....V.# V....
..###.....@X###.....
.....z###..)x......
....._.xx.)......
.#....x#)§.....#
#_.<)o#)§x.....
#..).)#o.X...#.
......xxo.........
......###o........#
..###... ...###.....


You could see 2 destroyers, a sculptor of flesh, 2 large abominations, a meat
berserker (berserk), 2 small abominations, 6 bags of meat and 5 crawling
corpses.

Vanquished Creatures
  A vampire knight (D)
  12 ogres (D)
  A two-headed ogre (D)
  A hydra (D)
  18 orcs (D)
33 creatures vanquished.

Notes
Turn   | Place    | Note
-------+----------+-------------------------------------------
     0 | D        | Found the +∞ Axe of Woe
     0 | D        | Fang the Minotaur Gladiator began the quest for the Orb.
     0 | D        | Reached XP level 1. HP: 18/18 MP: 0/0
     4 | D        | Became a worshipper of Makhleb the Destroyer
     5 | D        | Noticed a meat berserker
     6 | D        | Noticed a meat berserker
     6 | D        | Noticed a bag of meat
     7 | D        | Noticed a meat berserker
     7 | D        | Killed a meat berserker
     7 | D        | Reached XP level 2. HP: 45/45 MP: 1/1
     7 | D        | Reached XP level 3. HP: 51/51 MP: 2/2
     7 | D        | Reached XP level 4. HP: 59/59 MP: 3/3
     7 | D        | Reached XP level 5. HP: 66/66 MP: 4/4
     7 | D        | Reached XP level 6. HP: 73/73 MP: 5/5
     7 | D        | Reached XP level 7. HP: 80/80 MP: 6/6
     7 | D        | Reached XP level 8. HP: 88/88 MP: 7/7
     7 | D        | Reached XP level 9. HP: 94/94 MP: 8/8
     7 | D        | Reached XP level 10. HP: 102/102 MP: 9/9
     7 | D        | Reached XP level 11. HP: 108/108 MP: 10/10
     7 | D        | Reached XP level 12. HP: 116/116 MP: 11/11
     7 | D        | Reached XP level 13. HP: 123/123 MP: 12/12
     8 | D        | Noticed a bag of meat
     8 | D        | Noticed a meat berserker
     9 | D        | Noticed a bag of meat
     9 | D        | Killed a meat berserker
     9 | D        | Reached * piety under Makhleb
     9 | D        | Reached skill level 27 in Axes
     9 | D        | Reached XP level 14. HP: 137/137 MP: 13/13
     9 | D        | Killed a meat berserker
     9 | D        | Reached skill level 27 in Dodging
     9 | D        | Reached XP level 15. HP: 155/155 MP: 14/14
    11 | D        | Noticed a meat berserker
    11 | D        | Killed a meat berserker
    11 | D        | Reached ** piety under Makhleb
    11 | D        | Reached XP level 16. HP: 182/182 MP: 15/15
    11 | D        | Killed a meat berserker
    11 | D        | Reached skill level 27 in Fighting
    12 | D        | Noticed a meat berserker
    13 | D        | Killed a meat berserker
    13 | D        | Reached skill level 27 in Throwing
    13 | D        | Reached XP level 17. HP: 182/191 MP: 16/16
    15 | D        | Noticed a meat berserker
    15 | D        | Noticed a meat berserker
    15 | D        | Noticed a meat berserker
    16 | D        | Noticed a meat berserker
    16 | D        | Noticed a meat berserker
    16 | D        | Reached *** piety under Makhleb
    17 | D        | Reached skill level 27 in Armour
    17 | D        | Reached skill level 10 in Invocations
    17 | D        | Reached XP level 18. HP: 200/200 MP: 16/27
    18 | D        | Reached **** piety under Makhleb
    19 | D        | Killed a meat berserker
    19 | D        | Reached skill level 15 in Invocations
    20 | D        | Reached skill level 15 in Stealth
    20 | D        | Reached XP level 19. HP: 207/207 MP: 16/34
    21 | D        | Killed a meat berserker
    21 | D        | Reached ***** piety under Makhleb
    21 | D        | Reached skill level 15 in Spellcasting
    21 | D        | Killed a meat berserker
    21 | D        | Reached XP level 20. HP: 216/216 MP: 16/39
    22 | D        | Killed a meat berserker
    23 | D        | Reached skill level 27 in Unarmed Combat
    23 | D        | Reached XP level 21. HP: 224/224 MP: 17/43
    23 | D        | Noticed a large bag of meat
    24 | D        | Reached ****** piety under Makhleb
    24 | D        | Reached skill level 27 in Invocations
    24 | D        | Reached skill level 27 in Stealth
    25 | D        | Noticed a destroyer
    28 | D        | Killed a large bag of meat
    28 | D        | Reached skill level 27 in Spellcasting
    28 | D        | Reached XP level 22. HP: 144/233 MP: 18/52
    31 | D        | Killed a destroyer
    31 | D        | Reached XP level 23. HP: 99/240 MP: 18/53
    32 | D        | Noticed a large bag of meat
    33 | D        | Noticed a destroyer
    33 | D        | Noticed a large bag of meat
    35 | D        | Noticed a destroyer
    35 | D        | Noticed a destroyer
    39 | D        | Noticed a destroyer
    40 | D        | Annihilated by a destroyer

Skill      XL: |  1  2  3  4  5  6  7  8  9 10 11 12 13 14 15 16 17 18 19 20 21 |
---------------+----------------------------------------------------------------+-----
Fighting       | 13 16 20 26 27 | 27.0
Axes           | 23 27 | 27.0
Throwing       | 11 13 17 21 27 | 27.0
Dodging        | 21 24 27 | 27.0
Armour         | 4 22 27 | 27.0
Stealth        | 9 15 20 24 27 | 27.0
Unarmed Combat | 11 18 23 27 | 27.0
Spellcasting   | 7 12 16 19 27 | 27.0
Invocations    | 10 17 21 26 27 | 27.0

Action                   |  1- 3 |  4- 6 |  7- 9 | 10-12 | 13-15 | 16-18 | 19-21 | 22-24 || total
-------------------------+-------+-------+-------+-------+-------+-------+-------+-------++-------
Melee: Executioner's axe |     1 |       |       |       |     2 |     6 |     7 |     3 ||    19
